 Dungeon Crawl Stone Soup version 0.26-a0-651-gb41185065b (webtiles) character file.

Game seed: 8709990327190248936

19 gbos the Chopper (level 2, -5/21 HPs)
             Began as an Octopode Monk on Oct 28, 2020.
             Slain by Sigmund
             ... wielding a +0 scythe
              (9 damage)
             ... on level 2 of the Dungeon.
             The game lasted 00:00:52 (1363 turns).

gbos the Chopper (Octopode Monk)                    Turns: 1363, Time: 00:00:53

Health: -5/21      AC:  1    Str: 10    XL:     2   Next: 75%
Magic:  2/2        EV: 14    Int: 12    God:
Gold:   96         SH:  0    Dex: 14    Spells: 1/1 levels left

rFire    . . .     SeeInvis .   a - +0 hand axe
rCold    . . .     Faith    .   (no shield)
rNeg     . . .     Spirit   .   (helmet restricted)
rPois    .         Reflect  .   (no amulet)
rElec    .         Harm     .   (no ring)
rCorr    .         Rampage  .   (no ring)
MR       .....                  (no ring)
Stlth    +++.......             (no ring)
HPRegen  0.07/turn              (no ring)
MPRegen  0.08/turn              (no ring)
                                (no ring)
                                (no ring)

@: no status effects
A: almost no armour, stealthy swim, amphibious, 8 rings, constrict 8, camouflage
1, gelatinous body 1
a: no special abilities


You were on level 2 of the Dungeon.
You visited 1 branch of the dungeon, and saw 2 of its levels.

You collected 96 gold pieces.


Innate Abilities, Weirdness & Mutations

You cannot wear most types of armour.
You are very stealthy in the water. (Stealth+)
You are amphibious.
You can wear up to eight rings at the same time.
You can use your tentacles to constrict eight enemies at once.
Your skin changes colour to match your surroundings (Stealth+).
Your rubbery body absorbs attacks. (AC +1, EV +1)


   Skills:
 + Level 3.2 Fighting
 * Level 3.3 Axes
 + Level 3.2 Dodging
 + Level 3.1 Stealth


You had one spell level left.
You didn't know any spells.
Your spell library was empty.

Inventory:

Hand Weapons
 a - a +0 hand axe (weapon)
Jewellery
 e - an uncursed amulet of faith {unknown}
 f - a cursed ring of teleportation {unknown}
 h - an uncursed ring of protection from fire {unknown}
Scrolls
 g - 3 scrolls of fog {unknown}
 i - 3 scrolls of identify {unknown}
 k - a scroll of teleportation {unknown}
 l - 2 scrolls of remove curse {unknown}
Potions
 b - 2 potions of curing {unknown}
 c - a potion of lignification {unknown}
 d - a potion of might {unknown}
 j - a potion of heal wounds {unknown}

Dungeon Overview and Level Annotations

Branches:
Dungeon (2/15)

Altars:

Annotations:
D:2 Sigmund

▒.▒▒.......▒▒▒▒▒▒▒▒.....▒
?▒.▒▒.▒▒.▒▒.▒▒...▒
▒.....▒
...^.....▒▒......▒
▒▒▒.▒▒▒
▒▒.▒▒.......▒▒...▒ ▒▒.▒▒
▒.......▒▒..▒▒ ▒...▒
▒▒▒▒▒▒▒.▒▒..▒▒▒ ▒...▒
▒.......▒ ▒...▒
▒▒..▒....▒▒▒▒▒▒...▒▒
.▒.lx▒▒...▒▒.........
........@▒▒..............
.....▒...▒▒▒..▒▒.........
.....▒▒▒...<..▒▒▒▒▒▒...▒▒
.... ▒▒▒▒▒.▒▒ ▒...▒ ▒▒▒
▒.▒ ▒...▒ ..▒ ▒...▒ ▒▒▒▒
▒▒.▒▒ ▒.▒▒▒


You could see Sigmund and a leopard gecko.


Message History

* * * LOW HITPOINT WARNING * * *
Sigmund gestures at you while chanting. You resist with significant effort.
Sigmund hits you from afar with a +0 scythe.
* * * LOW HITPOINT WARNING * * *
You are too injured to fight recklessly!
You are too injured to fight recklessly!
You are too injured to fight recklessly!
You are too injured to fight recklessly!
Unknown command.
You are too injured to fight recklessly!
You are too injured to fight recklessly!
You are too injured to fight recklessly!
You are too injured to fight recklessly!
Unknown command.
A leopard gecko comes into view.
Sigmund misses you.
You hit Sigmund. Your grab misses Sigmund.
Sigmund is lightly wounded.
Sigmund completely misses you.
You closely miss Sigmund. Your grab misses Sigmund. You squeeze Sigmund!
Sigmund is moderately wounded.
You closely miss the leopard gecko. The leopard gecko closely misses you.
The leopard gecko misses you. Sigmund hits you with a +0 scythe!
You die...

Action                   || total
-------------------------++-------
Melee: Hand axe          ||    40
       Constrict         ||    11
       Tentacles         ||     3
 Stab: Sleeping          ||     9
Armor: Skin              ||    10
Dodge: Dodged            ||    39

Levels and vault maps discovered:
D:1:      minmay_arrival_split_and_join, layout_basic, minmay_box_of_dots
D:2:      layout_loops_cross, lemuel_zombie_altar_yredelemnul, tgw_trog,
          nicolae_overflow_crystal_walls, hangedman_decor_peaks_small,
          uniq_sigmund

Notes
Turn   | Place    | Note
-------+----------+-------------------------------------------
     0 | D:1      | gbos the Octopode Monk began the quest for the Orb.
     0 | D:1      | Reached XP level 1. HP: 16/16 MP: 1/1
   310 | D:1      | Reached XP level 2. HP: 21/21 MP: 2/2
   315 | D:1      | Reached skill level 3 in Stealth
   557 | D:1      | HP: 6/21 [bat (1)]
   563 | D:1      | HP: 5/21 [bat (1)]
  1356 | D:2      | Noticed Sigmund
  1359 | D:2      | HP: 4/21 [Sigmund/+0 scythe (6)]
  1363 | D:2      | Slain by Sigmund

Vanquished Creatures
  A giant cockroach (D:1)
  4 goblins (D:1)
  A hobgoblin (D:1)
  A ball python (D:1)
  6 bats
  2 frilled lizards
  A kobold (D:1)
  6 rats
22 creatures vanquished.
